 Dungeon Crawl Stone Soup version 0.24.0-41-g2ae2f7f1be (console) character file.

Game seed: 7011582906740326077, levelgen mode: deterministic

3021 Kagalorn the Martial Artist (level 9, -2/71 HPs)
             Began as a Green Draconian Transmuter on Dec 9, 2019.
             Was a Believer of Okawaru.
             Shot with an arrow by a centaur (5 damage)
             ... on level 8 of the Dungeon.
             The game lasted 00:28:00 (9294 turns).

Kagalorn the Martial Artist (DrTm)                  Turns: 9294, Time: 00:28:00

Health: -2/71      AC:  2    Str: 12    XL:     9   Next: 55%
Magic:  9/12       EV: 23    Int: 17    God:    Okawaru [**....]
Gold:   228        SH:  0    Dex: 17    Spells: 4/12 levels left

rFire    . . .     SeeInvis .     - Unarmed
rCold    . . .     Gourm    .   (shield currently unavailable)
rNeg     + . .     Faith    .   (armour unavailable)
rPois    x         Spirit   .   (helmet currently unavailable)
rElec    .         Reflect  .   (cloak currently unavailable)
rCorr    .         Harm     .   (gloves currently unavailable)
MR       .....                  (boots currently unavailable)
Stlth    ++........             (no amulet)
HPRegen  0.21/turn              x - ring of positive energy
MPRegen  0.13/turn              (no ring)

@: spider-form
A: tiny, (breathe noxious fumes), unfitting armour, AC +7
a: End Transformation, Heroism, Renounce Religion


You were on level 8 of the Dungeon.
You worshipped Okawaru.
Okawaru was pleased with you.
You were very hungry.
You were a venomous arachnid creature.
You visited 2 branches of the dungeon, and saw 9 of its levels.
You also visited: Sewer.

You collected 506 gold pieces.
You spent 278 gold pieces at shops.

Inventory:

Armour
 l - a +0 buckler
 m - a +0 cloak (melded)
Jewellery
 b - an uncursed ring of ice
 x - a ring of positive energy (left front leg)
Wands
 s - a wand of scattershot (2)
Scrolls
 i - 6 scrolls of remove curse
 k - 2 scrolls of fear {unknown}
 o - a scroll of amnesia
 p - a scroll of teleportation {unknown}
 q - a scroll of blinking
 t - 2 scrolls of noise {unknown}
 v - 2 scrolls of enchant weapon {unknown}
 y - a scroll of holy word {unknown}
 z - a scroll of immolation {unknown}
Potions
 a - 2 potions of agility
 d - 4 potions of lignification
 e - a potion of ambrosia {unknown}
 f - 2 potions of might {unknown}
 g - 4 potions of curing
 h - 2 potions of invisibility {unknown}
 j - a potion of brilliance {unknown}
 n - 2 potions of heal wounds
 r - 2 potions of flight
 u - a potion of mutation
Comestibles
 c - 10 rations


   Skills:
 - Level 4.0 Fighting
 - Level 5.0 Dodging
 * Level 2.5 Shields
 - Level 8.0 Unarmed Combat
 - Level 2.0 Spellcasting
 * Level 7.9 Transmutations
 * Level 2.5 Ice Magic
 - Level 2.0 Poison Magic
 - Level 2.0 Invocations


You had 4 spell levels left.
You knew the following spells:

 Your Spells              Type           Power        Failure   Level  Hunger
a - Beastly Appendage     Tmut           ####..       4%          1    #......
b - Spider Form           Tmut/Pois      ###.......   21%         3    ###....
c - Ice Form              Ice/Tmut       ###.....     43%         4    #####..

Your spell library contained the following spells:

 Spells                   Type           Power        Failure   Level  Hunger
 Sticks to Snakes         Tmut           ####....     5%          2    ###....
 Blade Hands              Tmut           ####......   41%         5    ######.


Dungeon Overview and Level Annotations

Branches:
Dungeon (8/15)             Temple (1/1) D:5           Sewer (visited)
   Lair: D:8-11

Altars:
Ashenzari
Cheibriados
Dithmenos
Elyvilon
Fedhas
Gozag
Hepliaklqana
Kikubaaqudgha
Makhleb
Nemelex Xobeh
Okawaru
Qazlal
Ru
Sif Muna
Trog
Uskayaw
Vehumet
Wu Jian
Xom
Yredelemnul
Zin
The Shining One

Shops:
D:5 !   D:6 *   D:7 [


Innate Abilities, Weirdness & Mutations

((You can breathe blasts of noxious fumes.))
((Your lurid green scales are hard. (AC +7)))
You cannot fit into any form of body armour.
((Your system is resistant to poisons. (rPois)))
((You are cold-blooded and may be slowed by cold attacks.))


Message History

You completely miss the orc.
The orc is severely wounded.
The centaur wields a cursed -1 shortbow.
The centaur shoots an arrow.
The arrow hits you!
* * * LOW HITPOINT WARNING * * *
The orc priest looks braver for a moment.
The orc hits you.
* * * LOW HITPOINT WARNING * * *
The centaur shoots an arrow.
The arrow hits you!
* * * LOW HITPOINT WARNING * * *
You closely miss the orc.
The orc is severely wounded.
You hit the orc.
You kill the orc!
Okawaru accepts your kill.
A centaur comes into view.
There is a stone staircase leading up, spattered with blood here.
The centaur shoots an arrow.
The arrow closely misses you.
The centaur shoots an arrow.
The arrow hits you.
You die...

... #.. #..
#.. ##..
... .
#.#####....
#(s().co...
###########


You could see a centaur and an orc priest.

Vanquished Creatures
  A troll (D:7)
  2 sky beasts
  2 ice beasts
  3 centaurs (D:6)
  6 ogres
  4 bullfrogs
  A gnoll sergeant (D:5)
  2 scorpions
  A howler monkey (D:6)
  2 vampire bats (D:6)
  3 crimson imps
  A jelly (D:6)
  An orc wizard (D:5)
  3 hounds
  3 orc priests
  2 gnoll shamans
  4 iguanas
  4 worker ants
  A hound skeleton (D:4)
  16 gnolls
  A worker ant zombie (D:6)
  7 adders
  4 shadow imps
  13 oozes
  An adder zombie (D:7)
  A worm (D:2)
  2 dart slugs (D:1)
  13 leopard geckos
  18 orcs
  11 bats
  18 giant cockroaches
  4 goblins
  15 hobgoblins
  18 jackals
  9 kobolds
  A quokka (D:2)
  9 ball pythons
  12 frilled lizards
  A jackal skeleton (D:5)
  8 rats
228 creatures vanquished.

Notes
Turn   | Place    | Note
-------+----------+-------------------------------------------
     0 | D:1      | Kagalorn the Draconian Transmuter began the quest for the
                  | Orb.
     0 | D:1      | Reached XP level 1. HP: 16/16 MP: 3/3
   168 | D:1      | Reached XP level 2. HP: 9/23 MP: 3/5
   909 | D:2      | Reached XP level 3. HP: 25/28 MP: 4/6
   997 | D:2      | Reached skill level 4 in Unarmed Combat
  1619 | D:2      | Reached XP level 4. HP: 25/36 MP: 5/7
  2711 | D:3      | Reached XP level 5. HP: 41/41 MP: 8/8
  3375 | D:3      | Reached skill level 5 in Unarmed Combat
  3454 | D:3      | Found an ornate altar of the Wu Jian Council.
  3457 | D:3      | Found a basalt altar of Yredelemnul.
  3460 | D:3      | Found a radiant altar of Vehumet.
  3593 | D:4      | Reached XP level 6. HP: 15/49 MP: 7/9
  3876 | D:4      | Found a glowing drain.
  3884 | Sewer    | Entered a sewer
  4301 | Sewer    | Reached skill level 6 in Unarmed Combat
  4488 | Sewer    | Your scales start taking on a lurid green colour.
  4488 | Sewer    | Reached XP level 7. HP: 48/56 MP: 10/10
  4488 | Sewer    | Gained mutation: Your system is resistant to poisons.
                  | (rPois) [Green Draconian growth]
  4911 | D:5      | Entered Level 5 of the Dungeon
  5246 | D:5      | Reached skill level 7 in Unarmed Combat
  5264 | D:5      | Found a staircase to the Ecumenical Temple.
  5270 | D:5      | Found a hazy altar of Hepliaklqana.
  5277 | Temple   | Entered the Ecumenical Temple
  5470 | Temple   | Became a worshipper of Warmaster Okawaru
  5670 | D:5      | Found a shadowy altar of Dithmenos.
  5683 | D:5      | Found Arrutosch's Distillery.
  5699 | D:5      | Bought a potion of curing for 33 gold pieces
  5699 | D:5      | Bought a potion of flight for 33 gold pieces
  5699 | D:5      | Bought a potion of lignification for 33 gold pieces
  5699 | D:5      | Bought a potion of agility for 44 gold pieces
  5909 | D:5      | Learned a level 3 spell: Spider Form
  6331 | D:5      | Reached XP level 8. HP: 63/63 MP: 11/11
  6475 | D:5      | Reached skill level 1 in Poison Magic
  6475 | D:5      | Reached skill level 1 in Invocations
  6768 | D:4      | Reached skill level 8 in Unarmed Combat
  7093 | D:6      | Reached skill level 5 in Dodging
  7097 | D:6      | Reached * piety under Okawaru
  7299 | D:6      | Reached skill level 5 in Transmutations
  7341 | D:5      | Reached XP level 9. HP: 40/71 MP: 9/12
  7355 | D:5      | Learned a level 4 spell: Ice Form
  7508 | D:6      | Reached ** piety under Okawaru
  7653 | D:6      | Reached skill level 1 in Shields
  7653 | D:6      | Reached skill level 1 in Ice Magic
  7949 | D:6      | Found a bloodstained altar of Trog.
  8300 | D:6      | Found Ficob's Assorted Antiques.
  8305 | D:6      | Bought a green potion for 20 gold pieces
  8305 | D:6      | Bought a scroll of identify for 46 gold pieces
  8305 | D:6      | Bought a scroll labeled UTSEPR LUNUGIH for 23 gold pieces
  8305 | D:6      | Bought a scroll labeled GOANGE TAWOU for 23 gold pieces
  8305 | D:6      | Bought a scroll labeled JITHRA XYMACIM for 23 gold pieces
  8549 | D:7      | Found Gemmi's Antique Armour Shoppe.
  8784 | D:7      | Noticed a troll
  8804 | D:7      | Killed a troll
  9290 | D:8      | HP: 3/71 [centaur/arrow (8)]
  9294 | D:8      | Shot with an arrow by a centaur

Levels and vault maps discovered:
D:1:      grunt_arrival_crossed_arrows, layout_basic
D:2:      layout_basic, serial_forest, infiniplex_forest_lined_4_way,
          infiniplex_forest_end_1, infiniplex_forest_clump_tiny,
          infiniplex_forest_lined_3, infiniplex_forest_lined_2,
          infiniplex_forest_corner_1, infiniplex_forest_lined_3_way,
          infiniplex_forest_lined_room_, infiniplex_forest_end_2,
          infiniplex_forest_straight_4, minmay_tiny_reverse_x
D:3:      layout_loops_ring, grunt_temple_overflow_diamond
D:4:      layout_basic, portal_sewer_entry_f, minmay_misc_feat_roman
D:5:      kennysheep_big_flooded_room, layout_loops_corners,
          lemuel_doored_altar, lemuel_crystal_altar,
          minmay_temple_entry_statues_pillars, serial_shops, shop, first_ration
D:6:      layout_cave_pools, kennysheep_mini, serial_shops,
          kennysheep_mini_moat, roderic_batcave, kennysheep_dice
D:7:      layout_loops_corners, serial_shops, nicolae_shop_waterfront
D:8:      layout_loops_ring, serial_shops, shop_coins, the_bakery, uniq_grum,
          uniq_joseph
Temple:   eino_temple_scatter_basement

Skill      XL: |  1  2  3  4  5  6  7  8  9 |
---------------+----------------------------+-----
Dodging        | 2 3 4 5 |  5.0
Unarmed Combat | 4 5 6 7 8 |  8.0
Fighting       | 2 3 4 |  4.0
Poison Magic   | 2 |  2.0
Invocations    | 2 |  2.0
Transmutations | 6 7 |  7.9
Shields        | 2 |  2.5
Ice Magic      | 2 |  2.5
Spellcasting   | |  2.0

Action                   |  1- 3 |  4- 6 |  7- 9 || total
-------------------------+-------+-------+-------++-------
Melee: Unarmed           |   135 |   318 |   363 ||   816
       Kick              |    13 |    17 |    22 ||    52
       Tailslap          |    12 |    25 |    18 ||    55
       Headbutt          |     7 |    31 |    10 ||    48
       Punch             |     1 |     4 |     7 ||    12
 Cast: Beastly Appendage |    19 |    43 |    27 ||    89
       Spider Form       |       |       |    16 ||    16
       Ice Form          |       |       |     2 ||     2
Invok: Heroism           |       |       |     2 ||     2
 Abil: Breathe Noxious F |       |       |     1 ||     1
  Use: Scroll            |       |       |     6 ||     6
 Stab: Sleeping          |       |     1 |       ||     1
       Confused          |       |       |     2 ||     2
  Eat: Chunk             |     3 |     7 |    11 ||    21
       Ration            |       |     1 |     2 ||     3
Armor: Skin              |    50 |   127 |    76 ||   253
Dodge: Dodged            |    81 |   254 |   301 ||   636
